 Dungeon Crawl Stone Soup version 0.17.1-3-g152610e (webtiles) character file.

58 Zhenya25pyc the Shield-Bearer (level 3, 0/34 HPs)
             Began as a Deep Dwarf Fighter on Mar 30, 2016.
             Killed by divine providence
             ... invoked by an orc priest
              (14 damage)
             ... on level 3 of the Dungeon.
             The game lasted 00:07:44 (1789 turns).

Zhenya25pyc the Shield-Bearer (Deep Dwarf Fighter)  Turns: 1789, Time: 00:07:44

Health: 0/34       AC: 11    Str: 20    XL:     3   Next: 75%
Magic:  3/3        EV:  5    Int:  8    God:
Gold:   75         SH:  9    Dex: 12    Spells: 0 memorised, 2 levels left

rFire  x . .     SeeInvis .     v - +0 hand axe (drain)
rCold  + . .     Clarity  .     o - +0 chain mail
rNeg   . . .     SustAt   .     c - +0 shield
rPois  .         Gourm    .     n - +0 helmet
rElec  .         Spirit   .     (no cloak)
rCorr  .         Warding  .     (no gloves)
rMut   .         Stasis   .     r - +0 pair of boots
MR     .....                    (no amulet)
Stlth  ..........               (no ring)
                                x - ring of ice

@: non-regenerating, not resistant to hostile enchantments, extremely unstealthy
A: damage resistance, recharge devices, sense surroundings 1, slow regeneration
3
a: Device Recharging


You were on level 3 of the Dungeon.
You were very full.

You visited 1 branch of the dungeon, and saw 3 of its levels.

You collected 75 gold pieces.

Inventory:

Hand Weapons
 p - a +0 falchion
 t - a +0 dagger
 v - a +0 hand axe of draining (weapon)
 y - a +0 long sword
Missiles
 i - 12 silver sling bullets
Armour
 b - a +0 scale mail
 c - a +0 shield (worn)
 f - a +0 ring mail
 n - a +0 helmet (worn)
 o - a +0 chain mail (worn)
 q - a +0 scale mail
 r - a +0 pair of boots (worn)
Jewellery
 x - a ring of ice (left hand)
Wands
 e - a wand of heal wounds (9)
Scrolls
 a - a scroll of magic mapping {unknown}
 j - a scroll of teleportation
 u - a scroll of enchant armour {unknown}
 w - 2 scrolls of fear {unknown}
Potions
 d - a potion of might
 k - a potion of flight {unknown}
 l - a potion of degeneration {unknown}
 s - a potion of mutation {unknown}
Comestibles
 g - 4 meat rations
 h - a beef jerky
 m - a chunk of flesh


   Skills:
 + Level 3.1 Fighting
 + Level 2.7 Axes
 + Level 3.7 Armour
 + Level 0.4 Dodging
 + Level 4.0 Shields


You had 2 spell levels left.
You didn't know any spells.

Dungeon Overview and Level Annotations

Branches:
Dungeon (3/15)

Altars:


Innate Abilities, Weirdness & Mutations

You are resistant to damage.
You can recharge devices by infusing magical energy.
You passively map a small area around you.
You do not regenerate naturally.


Message History

You drain the orc wizard!
The orc wizard is moderately wounded.
You block the bat's attack. You block the orc wizard's attack.
The orc hits you but does no damage.
The orc wizard points at you and mumbles some strange words.
You resist with some effort.
An orc priest comes into view. It is wielding a trident.
The orc priest shouts!
The orc shouts!
You block the bat's attack. The bat hits you but does no damage.
The orc wizard gestures wildly while chanting.
The orc wizard blinks!
The orc barely misses you. The bat hits you but does no damage.
You block the bat's attack. You block the bat's attack.
The orc wizard gestures wildly while chanting.
The orc wizard blinks!
The orc throws a tomahawk.
You block the tomahawk.
The orc priest invokes the aid of Beogh against you.
Something smites you!
You die...

####### #.....# * #.###.# ####
* #.#<#.# ..... * #.#.#.#
.....,#############.#.#.#######
......+......o@................
......*##.......##..#.#.#######
......###...ยง.o.##..#.#.#* ,,
,............b...##..#.#.#*
.......o..o.######..#.#.# ,
..........o.# #..#.#.# ,,*
######....### #..#.#.# *
##....### #..#...# * ##.....#
#..#


You could see 2 orc priests, an orc wizard, 2 orcs and a bat.

Vanquished Creatures
  Terence (D:2)
  An adder (D:3)
  A worm (D:2)
  A giant gecko (D:1)
  2 goblins
  A hobgoblin (D:1)
  A bat (D:1)
  5 giant newts
  7 kobolds
  A quokka (D:2)
  A rat (D:3)
22 creatures vanquished.

Notes
Turn   | Place    | Note
--------------------------------------------------------------
     0 | D:1      | Zhenya25pyc the Deep Dwarf Fighter began the quest for the Orb.
     0 | D:1      | Reached XP level 1. HP: 20/20 MP: 1/1
   442 | D:1      | Reached XP level 2. HP: 21/27 MP: 2/2
  1312 | D:2      | Noticed Terence
  1334 | D:2      | Killed Terence
  1334 | D:2      | Reached XP level 3. HP: 19/34 MP: 3/3
  1754 | D:3      | Reached skill level 4 in Shields
  1789 | D:3      | Killed from afar by an orc priest

Action                   || total
-------------------------++-------
Melee: War axe           ||    27
       Hand axe          ||    41
  Use: Scroll            ||     6
  Eat: Meat ration       ||     1
       Bread ration      ||     1
